 Dungeon Crawl Stone Soup version 0.25.1-2-g60ff931df9 (webtiles) character file.

Game seed: 1286061764988990713

88 Froggeryz the Cudgeler (level 4, -1/29 HPs)
             Began as a Gargoyle Fighter on Sept 14, 2020.
             Killed from afar by Natasha (7 damage)
             ... with a magic dart
             ... on level 2 of the Dungeon.
             The game lasted 00:01:31 (1750 turns).

Froggeryz the Cudgeler (Gargoyle Fighter)           Turns: 1750, Time: 00:01:31

Health: -1/29      AC: 10    Str: 21    XL:     4   Next: 54%
Magic:  4/4        EV:  7    Int:  8    God:
Gold:   96         SH:  9    Dex:  9    Spells: 3/3 levels left

rFire    . . .     SeeInvis .   a - +0 flail
rCold    . . .     Gourm    .   c - +0 kite shield
rNeg     + . .     Faith    .   b - +0 scale mail
rPois    ∞         Spirit   .   (no helmet)
rElec    +         Reflect  .   (no cloak)
rCorr    .         Harm     .   (no gloves)
MR       .....                  (no boots)
Stlth    ..........             (no amulet)
HPRegen  0.09/turn              (no ring)
MPRegen  0.09/turn              (no ring)

@: mighty, slowed, very slow
A: negative energy resistance 1, electricity resistance, unbreathing,
petrification resistance, rot immunity, AC +3
a: no special abilities


You were on level 2 of the Dungeon.
You were not hungry.

You visited 1 branch of the dungeon, and saw 2 of its levels.

You collected 96 gold pieces.

Inventory:

Hand Weapons
 a - a +0 flail (weapon)
Missiles
 g - 3 atropa-tipped darts (quivered)
Armour
 b - a +0 scale mail (worn)
 c - a +0 kite shield (worn)
Jewellery
 e - an uncursed amulet of the acrobat {unknown}
 l - an uncursed ring of ice
Scrolls
 h - 5 scrolls of identify {unknown}
 i - 2 scrolls of teleportation {unknown}
 j - 2 scrolls of amnesia {unknown}
 m - a scroll of remove curse {unknown}
Potions
 d - 2 potions of might
 k - a potion of flight {unknown}
Comestibles
 f - 3 rations


   Skills:
 + Level 4.0 Fighting
 * Level 4.1 Maces & Flails
 - Level 3.2 Armour
 - Level 3.2 Shields


You had 3 spell levels left.
You didn't know any spells.
Your spell library was empty.

Dungeon Overview and Level Annotations

Branches:
Dungeon (2/15)

Altars:
Gozag
Xom

Annotations:
D:2 Natasha


Innate Abilities, Weirdness & Mutations

You are resistant to torment.
Your stone body is resilient. (AC +3)
You are immune to poison.
You resist negative energy. (rN+)
You are resistant to electric shocks. (rElec)
You can survive without breathing.
You are immune to petrification.
You are immune to rotting.


Message History

You feel very mighty all of a sudden. Natasha claws you.
* * * LOW HITPOINT WARNING * * *
The rat twitches its whiskers.
You thump Natasha!
Natasha is severely wounded.
Natasha closely misses you.
You miss Natasha.
Natasha is severely wounded.
You block Natasha's attack. x2
You barely miss Natasha.
Natasha is severely wounded.
Natasha stares at you and mumbles some strange words.
You feel yourself slow down.
You closely miss Natasha.
Natasha is severely wounded.
The crimson imp blinks!
Natasha stares at you and mumbles some strange words.
The magic dart hits you!
You die...

####### ##
###....r###########
#.
.....$.gh@........#
#.
###5...§#########.##
#. ............#
#..# #.
.##......##.# ##)##
#. #........ #..# #.
#.#+#.#<.# ##.#####.
#. .#. ### #.##....
# # .. #..#....
.#.## #. ##.#....


You could see Natasha, a crimson imp (summoned), a goblin and a rat.

Vanquished Creatures
  Terence (D:2)
  An adder (D:2)
  An ooze (D:2)
  2 worms (D:2)
  2 dart slugs (D:1)
  A leopard gecko (D:1)
  A giant cockroach (D:2)
  3 goblins (D:1)
  5 hobgoblins
  3 jackals (D:2)
  A quokka (D:2)
  4 bats
  4 frilled lizards
  4 kobolds
  7 rats
40 creatures vanquished.

Notes
Turn   | Place    | Note
-------+----------+-------------------------------------------
     0 | D:1      | Froggeryz the Gargoyle Fighter began the quest for the Orb.
     0 | D:1      | Reached XP level 1. HP: 14/14 MP: 1/1
   188 | D:1      | Reached XP level 2. HP: 12/19 MP: 2/2
   495 | D:1      | You fall into a shaft and drop 1 floor!
   599 | D:2      | Reached XP level 3. HP: 23/23 MP: 3/3
   855 | D:2      | Found an opulent altar of Gozag.
   856 | D:2      | Found a shimmering altar of Xom.
  1148 | D:2      | Reached XP level 4. HP: 27/29 MP: 4/4
  1693 | D:2      | Noticed Terence
  1710 | D:2      | Killed Terence
  1724 | D:2      | Noticed Natasha
  1750 | D:2      | Killed from afar by Natasha

Illustrated notes

Levels and vault maps discovered:
D:1:      tarquinn_simple_flora_water_a, layout_basic
D:2:      layout_basic, nicolae_overflow_hidden_temple, first_ration,
          chequers_arboretum, uniq_natasha, uniq_terence

Skill      XL: |  1  2  3  4 |
---------------+-------------+-----
Maces & Flails | 3 4 |  4.1
Fighting       | 4 |  4.0
Armour         | |  3.2
Shields        | |  3.2

Action                   |  1- 3 |  4- 6 || total
-------------------------+-------+-------++-------
Melee: Flail             |   132 |    47 ||   179
  Use: Potion            |       |     1 ||     1
  Eat: Chunk             |     1 |     2 ||     3
Armor: Scale mail        |   106 |    26 ||   132
Dodge: Dodged            |    51 |    18 ||    69
Block: Kite shield       |    92 |    27 ||   119
